 Dungeon Crawl Stone Soup version 0.29-a0-542-g075992c915 (webtiles) character file.

Game seed: 4216819167373635765

94 happo123 the Sneak (level 4, -5/25 HPs)
             Began as a Kobold Enchanter on June 4, 2022.
             Slain by a gnoll
             ... wielding a +0 halberd
              (13 damage)
             ... on level 3 of the Dungeon.
             The game lasted 00:08:32 (2828 turns).

happo123 the Sneak (Kobold Enchanter)               Turns: 2828, Time: 00:08:33

Health: -5/25      AC:  2    Str:  5    XL:     4   Next: 94%
Magic:  5/7        EV: 15    Int: 18    God:
Gold:   109        SH:  0    Dex: 15    Spells: 3/8 levels left

rFire   x . .      SeeInvis .   k - +5 short sword of Caocun {vorpal, rElec rPois rF-}
rCold   . . .      Faith    .   (no shield)
rNeg    . . .      Spirit   .   b - +0 robe
rPois   +          Reflect  .   l - +0 hat
rElec   +          Harm     .   (no cloak)
rCorr   .          Rampage  .   (no gloves)
Will    .....                   (no boots)
Stlth   ++++......              (no amulet)
HPRegen 0.08/turn               (no ring)
MPRegen 0.10/turn               (no ring)

@: no status effects
A: small, no large weapons, nightstalker 3
a: no special abilities


You were on level 3 of the Dungeon.
You visited 1 branch of the dungeon, and saw 3 of its levels.

You collected 109 gold pieces.

Inventory:

Hand Weapons
 a - a +1 dagger
 k - the +5 short sword of Caocun (weapon) {vorpal, rElec rPois rF-}
   (You found it on level 3 of the Dungeon)

   It inflicts extra damage upon your enemies.
   rF:        It makes you vulnerable to fire.
   rElec:     It insulates you from electricity.
   rPois:     It protects you from poison.
Armour
 b - a +0 robe (worn)
 l - a +0 hat (worn)
Scrolls
 d - a scroll of enchant armour {unknown}
 g - a scroll of identify {unknown}
 i - 2 scrolls of fog {unknown}
 j - a scroll of teleportation {unknown}
Potions
 c - 2 potions of invisibility
 e - 2 potions of resistance {unknown}
 f - 2 potions of curing {unknown}
 h - a potion of berserk rage {unknown}


   Skills:
 + Level 1.4 Fighting
 + Level 2.4 Short Blades
 + Level 3.0 Dodging
 + Level 4.6 Stealth
 + Level 2.6 Spellcasting
 * Level 3.8 Hexes


You had 3 spell levels left.
You knew the following spells:

 Your Spells              Type           Power      Damage    Failure   Level
a - Ensorcelled Hibernat  Hex/Ice        18%        N/A       12%         2
b - Confusing Touch       Hex            16%        N/A       11%         3

Your spell library contained the following spells:

 Spells                   Type           Power      Damage    Failure   Level
 Tukima's Dance           Hex            16%        N/A       11%         3
 Dazzling Flash           Conj/Hex       18%        N/A       24%         3


Dungeon Overview and Level Annotations

Branches:
Dungeon (3/15)

Altars:
Vehumet


Innate Abilities, Weirdness & Mutations

You are small and have problems with some larger weapons.
You are completely attuned to the shadows.


Message History

Aiming: Ensorcelled Hibernation (safe; 12% risk of failure)
Press: ? - help, Q - select action Shift-Dir - straight line, f - jackal
Aim: a jackal (chance to affect: 61%)
The jackal looks drowsy...
The helpless jackal fails to defend itself.
You puncture the jackal!
You kill the jackal!
There is a faded altar of an unknown god, spattered with blood here.
You see here a jackal corpse.
HP restored.
Magic restored.
You see here a jackal corpse.
You see here a jackal corpse.
There is an open door here.
A gnoll comes into view. It is wielding a +0 club.
A gnoll comes into view. It is wielding a +0 club.
Found a rapier.
A gnoll comes into view. It is wielding a +0 halberd.
The gnoll shouts!
The gnoll misses you.
The gnoll shouts!
You hear a shout!
You hear an angry hiss.
The gnoll shouts!
A bat comes into view.
You see here a +0 hand axe.
The gnoll misses you.
Aiming: Ensorcelled Hibernation (safe; 12% risk of failure)
Press: ? - help, Q - select action Shift-Dir - straight line, f - gnoll
Aim: a gnoll, wielding a +0 club (chance to affect: 51%)
The gnoll looks drowsy...
The helpless gnoll fails to defend itself.
You impale the gnoll!!
You kill the gnoll!
The gnoll hits you from afar with a +0 halberd!
You see here a +0 hand axe.
The gnoll attacks as you move away! The gnoll misses you.
There is a stone staircase leading up here.
The gnoll hits you with a +0 club.
The gnoll hits you from afar with a +0 halberd!
Ouch! That really hurt!
You die...

#.#.#.#####.....# #....
#8.8# ....#
#(.8###...###8..##.
.###...'††._...'......
.g....8###...###8.....
#.#.##....#8.8#.....##.
##g##g##...#####.##.##
.....#.....).)...##.#
##.#..#.#####.gg@##.#
.....##...#...#### .#
..........#.###
#..).##.#... ##.#.# #
#.#.#


You could see 2 gnolls.

Vanquished Creatures
  A gnoll (D:3)
  3 adders
  2 worms (D:2)
  A dart slug (D:1)
  An orc (D:3)
  2 endoplasms
  A giant cockroach (D:2)
  5 goblins
  5 hobgoblins
  4 jackals (D:3)
  4 kobolds
  3 quokkas
  4 ball pythons
  5 bats
  3 frilled lizards
  2 rats (D:1)
46 creatures vanquished.

Notes
Turn   | Place    | Note
-------+----------+-------------------------------------------
     0 | D:1      | happo123 the Kobold Enchanter began the quest for the Orb.
     0 | D:1      | Reached XP level 1. HP: 10/10 MP: 3/3
   390 | D:1      | Reached XP level 2. HP: 16/16 MP: 5/5
   393 | D:1      | Learned a level 2 spell: Ensorcelled Hibernation
   879 | D:1      | Reached XP level 3. HP: 20/20 MP: 3/6
   883 | D:1      | Learned a level 3 spell: Confusing Touch
  1550 | D:2      | Reached skill level 1 in Fighting
  2249 | D:2      | Reached XP level 4. HP: 25/25 MP: 7/7
  2263 | D:2      | Found a radiant altar of Vehumet.
  2633 | D:3      | Identified the +5 short sword of Caocun {vorpal, rElec
                  | rPois rF-}
  2708 | D:3      | Found a faded altar of an unknown god.
  2828 | D:3      | Slain by a gnoll

Illustrated notes

Levels and vault maps discovered:
D:1:      nzn_arrival_water_spiral, layout_rooms, serial_forest,
          infiniplex_forest_end_2, infiniplex_forest_split,
          infiniplex_forest_clump_double, infiniplex_forest_clump_curved,
          infiniplex_forest_lined_2, infiniplex_forest_lined_corner,
          infiniplex_forest_straight_3, hangedman_decor_growths
D:2:      minmay_skewed_foursquare, layout_loops_ring, basic_altar
D:3:      layout_loops_ring, eat_drink_and_be_merry_uskayaw,
          dreamdust_ecumenical_altar_angels_and_demons, gammafunk_ghost_arena,
          st_stairs_1, grunt_ministairs_7

Skill      XL: |  1  2  3  4 |
---------------+-------------+-----
Short Blades   | 2 |  2.4
Fighting       | 1 |  1.4
Dodging        | 3 |  3.0
Stealth        | |  4.6
Spellcasting   | |  2.6
Hexes          | |  3.8

Action                   |  1- 3 |  4- 6 || total
-------------------------+-------+-------++-------
Melee: Dagger            |    90 |     6 ||    96
       Short sword       |       |     8 ||     8
 Cast: Ensorcelled Hiber |    14 |     6 ||    20
 Stab: Sleeping          |    20 |    10 ||    30
Armor: Robe              |     8 |     1 ||     9
Dodge: Dodged            |    72 |     8 ||    80

Table legend: (Time is in decaauts)
 A = Elapsed time spent in this place.
 B = Non-inter-level travel time spent in this place.
 C = Inter-level travel time spent in this place.
 D = Time resting spent in this place.
 E = Time spent auto-exploring this place.
 F = Levels seen in this place.
 G = Mean time per level.
                   A        B        C        D        E       F      G
               +--------+--------+--------+--------+--------+-----+--------+
         Total |   2828 |   2740 |     88 |    120 |   2255 |   3 |  942.7 |
       Dungeon |   2828 |   2740 |     88 |    120 |   2255 |   3 |  942.7 |
               +--------+--------+--------+--------+--------+-----+--------+

Top non-repeatable levels by time:
     D:2: 1368 daAuts
     D:1: 1288 daAuts
     D:3: 172 daAuts
